 Dungeon Crawl Stone Soup version 0.26.1-2-gb8aa6d0cf2 (webtiles) character file.

Game seed: 12048072151583707444

4602 Lancroian the Cleaver (level 10, 0/92 HPs)
             Began as a Palentonga Fighter on Mar 24, 2021.
             Was a Priest of Elyvilon.
             Killed from afar by a blizzard demon (19 damage)
             ... with a bolt of lightning
             ... on level 1 of the Abyss.
             The game lasted 01:05:30 (11444 turns).

Lancroian the Cleaver (Palentonga Fighter)         Turns: 11444, Time: 01:05:32

Health: 0/92       AC: 22    Str: 22    XL:     10   Next: 19%
Magic:  13/13      EV:  7    Int:  9    God:    Elyvilon [***...]
Gold:   59         SH:  0    Dex: 10    Spells: 7/9 levels left

rFire    + . .     SeeInvis +   I - +0 battleaxe (freeze)
rCold    . . .     Faith    .   (shield currently unavailable)
rNeg     . . .     Spirit   .   G - +3 scale mail {rF+}
rPois    .         Reflect  .   y - +0 helmet
rElec    .         Harm     .   E - +0 cloak
rCorr    +         Rampage  .   m - +1 pair of gloves
Will     .....                  (no barding)
Stlth    ..........             (no amulet)
HPRegen  0.25/turn              D - ring of resist corrosion
MPRegen  0.13/turn              (no ring)

@: about to teleport, curled up
A: large, rugged brown scales 3, see invisible, deformed body, roll 1, armoured
tail, reflexive curl
a: Rolling Charge, Renounce Religion, Lesser Healing, Heal Other, Purification,
Divine Protection


You were on level 1 of the Abyss.
You worshipped Elyvilon.
Elyvilon was most pleased with you.
You visited 2 branches of the dungeon, and saw 10 of its levels.
You visited the Abyss 1 time.
You also visited: Sewer.

You collected 584 gold pieces.
You spent 525 gold pieces at shops.

Inventory:

Hand Weapons
 a - a +1 war axe
 t - a +1 flail of venom
 H - a +2 scimitar of flaming
 I - a +0 battleaxe of freezing (weapon)
Armour
 c - a +0 kite shield
 l - +0 swamp dragon scales
 m - a +1 pair of gloves (worn)
 y - a +0 helmet (worn)
 E - a +0 cloak (worn)
 G - a +3 scale mail of fire resistance (worn)
Jewellery
 k - an uncursed ring of protection from cold
 D - a ring of resist corrosion (left hand)
Wands
 o - a wand of digging (5)
 s - a wand of iceblast (6)
 z - a wand of flame (4)
 B - a wand of disintegration (16)
Scrolls
 d - a scroll of fear
 e - 3 scrolls of enchant weapon
 f - 4 scrolls of amnesia
 g - 3 scrolls of blinking
 i - 3 scrolls of identify
 j - 6 scrolls of magic mapping
 w - 2 scrolls of remove curse
 x - a scroll of enchant armour
 F - 3 scrolls of teleportation
Potions
 b - 2 potions of resistance
 h - 4 potions of magic
 n - 7 potions of brilliance
 q - a potion of curing
 r - a potion of might
 v - a potion of flight
 A - 3 potions of mutation


   Skills:
 * Level 7.4 Fighting
 * Level 9.5 Axes
 + Level 5.4 Armour
 - Level 5.3 Shields
 + Level 4.1 Invocations
 + Level 2.4 Evocations


You had 7 spell levels left.
You knew the following spells:

 Your Spells              Type           Power        Failure   Level
a - Blink                 Tloc           N/A          83%         2

Your spell library contained the following spells:

 Spells                   Type           Power        Failure   Level
 Animate Skeleton         Necr           0%           69%         1
 Apportation              Tloc           0%           69%         1
 Corona                   Hex            0%           69%         1
 Magic Dart               Conj           0%           69%         1
 Sandblast                Erth           0%           69%         1
 Summon Small Mammal      Summ           0%           69%         1
 Call Imp                 Summ           0%           83%         2
 Passwall                 Tmut/Erth      0%           83%         2
 Slow                     Hex            0%           83%         2
 Conjure Flame            Conj/Fire      0%           96%         3
 Mephitic Cloud           Conj/Pois/Air  0%           96%         3
 Stone Arrow              Conj/Erth      0%           96%         3
 Petrify                  Tmut/Erth      0%           100%        4
 Lee's Rapid Deconstruct  Erth           0%           100%        5


Dungeon Overview and Level Annotations

Branches:
Dungeon (9/15)             Temple (1/1) D:6           Sewer (visited)
   Lair: D:8-11         Orc: D:9-12

Altars:
Ashenzari
Cheibriados
Dithmenos
Elyvilon
Fedhas
Gozag
Hepliaklqana
Kikubaaqudgha
Makhleb
Nemelex Xobeh
Okawaru
Qazlal
Ru
Sif Muna
Trog
Uskayaw
Vehumet
Wu Jian
Xom
Yredelemnul
Zin
The Shining One

Shops:
D:8 !


Innate Abilities, Weirdness & Mutations

You are completely covered in rugged brown scales. (AC +3, +7% HP)
You have supernaturally acute eyesight. (SInv)
Armour fits poorly on your strangely shaped body.
You can roll at nearby foes to attack.
You have a long armoured tail.
You curl defensively after being hit.


Message History

The blizzard demon hits you but does no damage.
The blizzard demon hits you!
You slash the blizzard demon!
The blizzard demon is moderately wounded.
The blizzard demon barely misses you.
The blizzard demon hits you but does no damage.
You barely miss the blizzard demon.
The blizzard demon is moderately wounded.
The blizzard demon gestures at you. The bolt of lightning hits you!! x2
The bolt of lightning hits the blizzard demon.
The blizzard demon completely resists.
You slice the blizzard demon!! You freeze the blizzard demon.
The blizzard demon is heavily wounded.
The blizzard demon hits you!
* * * LOW HITPOINT WARNING * * *
The blizzard demon hits you but does no damage.
The blizzard demon gestures at you. The bolt of lightning misses you.
The bolt of lightning hits you!!
You die...

....###.# ## . .#
.# ###.#...## #
##....# ..# . #. .
. ...#...#
##.###...##......#
...## #.#
#.##...## #...
######2## . # ###
#@2.#.#.## #.#
###.#....# #
#.#.###...#
#..#..#.##.
#....##.# #...# #
# # ## .# ...#
#.#..


You could see a blizzard demon.

Vanquished Creatures
  Harold (D:7)
  Erica (D:8)
  Maggie (D:7)
  Eustachio (D:5)
  A water moccasin (D:9)
  Duvessa (D:5)
  2 orc warriors (D:8)
  4 ogres
  A centaur (D:9)
  4 bullfrogs
  A big kobold (D:8)
  Dowan (D:5)
  3 scorpions
  4 wights (D:8)
  2 howler monkeys
  A centaur zombie (D:5)
  2 hounds
  2 jellies (D:6)
  15 orc wizards
  Crazy Yiuf (D:5)
  A centaur skeleton (D:5)
  Ijyb (D:5)
  Terence (D:3)
  2 iguanas
  7 worker ants
  A hound zombie (D:6)
  10 adders
  8 river rats
  4 shadow imps
  An ufetubus (D:5)
  2 oozes
  2 worms (D:3)
  3 dart slugs
  A leopard gecko (D:5)
  28 orcs
  2 bats
  5 giant cockroaches
  7 goblins
  11 hobgoblins
  11 jackals
  4 quokkas
  14 ball pythons
  12 frilled lizards
  A giant cockroach zombie (D:6)
  2 jackal skeletons
  9 kobolds
  A leopard gecko skeleton (D:4)
  A quokka skeleton (D:4)
  29 rats
230 creatures vanquished.

Notes
Turn   | Place    | Note
-------+----------+-------------------------------------------
     0 | D:1      | Lancroian the Palentonga Fighter began the quest for the
                  | Orb.
     0 | D:1      | Reached XP level 1. HP: 20/20 MP: 1/1
   235 | D:1      | Reached XP level 2. HP: 27/27 MP: 2/2
   876 | D:2      | Reached XP level 3. HP: 33/33 MP: 3/3
   930 | D:2      | Reached skill level 3 in Axes
  1683 | D:3      | Noticed Terence
  1687 | D:3      | Killed Terence
  1688 | D:3      | Reached XP level 4. HP: 40/42 MP: 4/4
  1940 | D:3      | Found a glowing drain.
  1950 | D:3      | Reached skill level 4 in Axes
  1963 | D:3      | Reached XP level 5. HP: 33/50 MP: 5/5
  2022 | Sewer    | Entered a sewer
  2859 | Sewer    | Reached XP level 6. HP: 50/56 MP: 6/6
  2869 | Sewer    | Reached skill level 5 in Axes
  4169 | D:4      | Reached skill level 5 in Fighting
  4169 | D:4      | Gained mutation: You curl defensively after being hit.
                  | [Palentonga growth]
  4169 | D:4      | Reached XP level 7. HP: 44/65 MP: 7/7
  5473 | D:5      | Entered Level 5 of the Dungeon
  5522 | D:5      | Reached skill level 6 in Axes
  5672 | D:5      | Noticed Ijyb
  5685 | D:5      | Killed Ijyb
  5914 | D:5      | Noticed Dowan
  5920 | D:5      | Noticed Duvessa
  5923 | D:5      | Killed Dowan
  6424 | D:5      | Noticed Eustachio
  6583 | D:6      | Reached XP level 8. HP: 70/73 MP: 8/8
  6776 | D:6      | Found a staircase to the Ecumenical Temple.
  6785 | Temple   | Entered the Ecumenical Temple
  6853 | Temple   | Became a worshipper of Elyvilon the Healer
  7153 | D:6      | Reached * piety under Elyvilon
  7262 | D:7      | Noticed Maggie
  7281 | D:7      | Killed Maggie
  7282 | D:7      | Reached skill level 7 in Axes
  8071 | D:7      | Noticed Harold
  8087 | D:7      | Killed Harold
  8088 | D:7      | Reached skill level 8 in Axes
  8088 | D:7      | Reached XP level 9. HP: 69/83 MP: 8/10
  8434 | D:7      | Reached ** piety under Elyvilon
  8609 | D:7      | Learned a level 2 spell: Blink
  9051 | D:8      | Reached skill level 5 in Shields
  9060 | D:8      | Reached skill level 5 in Armour
  9075 | D:8      | Reached skill level 1 in Evocations
  9650 | D:8      | Found an iron altar of Okawaru.
  9730 | D:8      | Noticed Erica
  9906 | D:8      | Found Taal's Distillery.
  9923 | D:8      | Bought a potion of flight for 45 gold pieces
  9923 | D:8      | Bought a potion of resistance for 150 gold pieces
  9923 | D:8      | Bought a potion of might for 60 gold pieces
  9923 | D:8      | Bought a potion of haste for 150 gold pieces
  9923 | D:8      | Bought a potion of mutation for 120 gold pieces
  9932 | D:8      | Reached skill level 9 in Axes
 10115 | D:8      | Killed Erica
 10116 | D:8      | Reached XP level 10. HP: 80/92 MP: 12/12
 10151 | D:8      | Reached *** piety under Elyvilon
 10753 | D:5      | Killed Eustachio
 11056 | D:5      | Found a runed translucent door.
 11057 | D:5      | Noticed Crazy Yiuf
 11062 | D:5      | Killed Crazy Yiuf
 11110 | D:5      | Killed Duvessa
 11335 | D:9      | Cast into level 1 of the Abyss (big kobold)
 11342 | Abyss:1  | Noticed a worldbinder
 11363 | Abyss:1  | Noticed a tentacled starspawn
 11364 | Abyss:1  | Noticed a reaper
 11380 | Abyss:1  | Noticed a worldbinder
 11383 | Abyss:1  | Noticed a cacodemon
 11411 | Abyss:1  | Noticed a blizzard demon
 11444 | Abyss:1  | Killed from afar by a blizzard demon

Illustrated notes

Levels and vault maps discovered:
D:1:      dpeg_arrival_three_same_balls, layout_loops_ring
D:2:      layout_loops_ring
D:3:      kennysheep_the_goblin_king, layout_basic, portal_sewer_entry_a,
          serial_co_window_serial, co_window_paths_b,
          co_window_of_opportunity_a, co_window_paths_a, co_window_paths_b,
          co_window_of_opportunity_a, co_window_corner_b, co_window_paths_c,
          co_window_of_opportunity_b, co_window_of_opportunity_c,
          co_window_broadway_b, glass_columns_c, glass_columns_b,
          glass_columns_a, glass_columns_a, glass_columns_a,
          chequers_serial_rivers_marsh, uniq_terence
D:4:      layout_loops_corners, lemuel_statue_altar
D:5:      layout_basic, uniq_crazy_yiuf_cottage, uniq_duvessa, uniq_eustachio,
          uniq_ijyb
D:6:      layout_cave_pools, minmay_temple_entry_waves
D:7:      minmay_flawed_box, layout_loops_ring, uniq_maggie, uniq_harold
D:8:      layout_layer_cave, lemuel_doored_altar, serial_shops,
          nicolae_shop_stone, uniq_erica
D:9:      layout_stronghold, david_lair_shrubbed, david_orc_4, serial_rivers,
          chequers_serial_rivers_micro_b, chequers_serial_rivers_micro_e,
          chequers_serial_rivers_room_b, chequers_serial_rivers_small_b,
          chequers_serial_rivers_micro_d
Temple:   compressed_dpeg_circular_temple
Abyss:1:  base: D:6, minivault_25_ag

Skill      XL: |  1  2  3  4  5  6  7  8  9 10 |
---------------+-------------------------------+-----
Axes           | 3 4 5 6 8 9 |  9.5
Fighting       | 4 5 6 7 |  7.4
Shields        | 3 4 5 |  5.3
Armour         | 3 4 5 |  5.4
Invocations    | 2 3 4 |  4.1
Evocations     | 2 |  2.4

Action                   |  1- 3 |  4- 6 |  7- 9 | 10-12 || total
-------------------------+-------+-------+-------+-------++-------
Melee: War axe           |   116 |   207 |   354 |    35 ||   712
       Tailslap          |    11 |    27 |    45 |    12 ||    95
       Battleaxe         |       |       |       |    38 ||    38
 Abil: Rolling Charge    |    30 |    19 |    54 |    10 ||   113
Evoke: Wand              |       |       |    11 |     1 ||    12
  Use: Scroll            |     4 |     6 |    10 |     5 ||    25
       Potion            |     1 |     6 |     5 |     3 ||    15
Armor: Scale mail        |    50 |    79 |    73 |    12 ||   214
       Skin              |       |     2 |       |       ||     2
       Swamp dragon scal |       |       |    38 |    24 ||    62
Dodge: Dodged            |    21 |    35 |    60 |    16 ||   132
Block: Kite shield       |    44 |    73 |   127 |    11 ||   255
